[
  {
    "__type__": "cc.Prefab",
    "_name": "wall-block",
    "_objFlags": 0,
    "__editorExtras__": {},
    "_native": "",
    "data": {
      "__id__": 1
    },
    "optimizationPolicy": 0,
    "persistent": false
  },
  {
    "__type__": "cc.Node",
    "_name": "wall-block",
    "_objFlags": 0,
    "__editorExtras__": {},
    "_parent": null,
    "_children": [],
    "_active": true,
    "_components": [
      {
        "__id__": 2
      },
      {
        "__id__": 4
      },
      {
        "__id__": 6
      }
    ],
    "_prefab": {
      "__id__": 23
    },
    "_lpos": {
      "__type__": "cc.Vec3",
      "x": 0,
      "y": 0,
      "z": 0
    },
    "_lrot": {
      "__type__": "cc.Quat",
      "x": 0,
      "y": 0,
      "z": 0,
      "w": 1
    },
    "_lscale": {
      "__type__": "cc.Vec3",
      "x": 1,
      "y": 1,
      "z": 1
    },
    "_mobility": 0,
    "_layer": 33554432,
    "_euler": {
      "__type__": "cc.Vec3",
      "x": 0,
      "y": 0,
      "z": 0
    },
    "_id": ""
  },
  {
    "__type__": "cc.UITransform",
    "_name": "",
    "_objFlags": 0,
    "__editorExtras__": {},
    "node": {
      "__id__": 1
    },
    "_enabled": true,
    "__prefab": {
      "__id__": 3
    },
    "_contentSize": {
      "__type__": "cc.Size",
      "width": 30,
      "height": 30
    },
    "_anchorPoint": {
      "__type__": "cc.Vec2",
      "x": 0.5,
      "y": 0.5
    },
    "_id": ""
  },
  {
    "__type__": "cc.CompPrefabInfo",
    "fileId": "37IFW40hRPPYKGaT6vdsAJ"
  },
  {
    "__type__": "cc.Sprite",
    "_name": "",
    "_objFlags": 0,
    "__editorExtras__": {},
    "node": {
      "__id__": 1
    },
    "_enabled": true,
    "__prefab": {
      "__id__": 5
    },
    "_customMaterial": null,
    "_srcBlendFactor": 2,
    "_dstBlendFactor": 4,
    "_color": {
      "__type__": "cc.Color",
      "r": 255,
      "g": 255,
      "b": 255,
      "a": 255
    },
    "_spriteFrame": {
      "__uuid__": "653c30d8-ca90-4852-8b14-b9ef1cbfda3b@f9941",
      "__expectedType__": "cc.SpriteFrame"
    },
    "_type": 0,
    "_fillType": 0,
    "_sizeMode": 0,
    "_fillCenter": {
      "__type__": "cc.Vec2",
      "x": 0,
      "y": 0
    },
    "_fillStart": 0,
    "_fillRange": 0,
    "_isTrimmedMode": true,
    "_useGrayscale": false,
    "_atlas": null,
    "_id": ""
  },
  {
    "__type__": "cc.CompPrefabInfo",
    "fileId": "f8g6DtE9NJRISpvUrHRGD2"
  },
  {
    "__type__": "072e4+xSfxHgKEsf9YERpNP",
    "_name": "",
    "_objFlags": 0,
    "__editorExtras__": {},
    "node": {
      "__id__": 1
    },
    "_enabled": true,
    "__prefab": {
      "__id__": 7
    },
    "spriteFrame": {
      "__uuid__": "adc16515-c7e1-47b7-bdb2-484ccf18b729@f9941",
      "__expectedType__": "cc.SpriteFrame"
    },
    "size": {
      "__type__": "cc.Vec2",
      "x": 4,
      "y": 3
    },
    "debug": "",
    "mapBlocks": [
      {
        "__id__": 8
      },
      {
        "__id__": 9
      },
      {
        "__id__": 10
      },
      {
        "__id__": 11
      },
      {
        "__id__": 12
      },
      {
        "__id__": 13
      },
      {
        "__id__": 14
      },
      {
        "__id__": 15
      },
      {
        "__id__": 16
      },
      {
        "__id__": 17
      },
      {
        "__id__": 18
      },
      {
        "__id__": 19
      },
      {
        "__id__": 20
      },
      {
        "__id__": 21
      },
      {
        "__id__": 22
      }
    ],
    "_id": ""
  },
  {
    "__type__": "cc.CompPrefabInfo",
    "fileId": "88sxlWUA1NJrSbwo36QPvV"
  },
  {
    "__type__": "BlockSpriteMap",
    "mapPosition": {
      "__type__": "cc.Vec2",
      "x": 0,
      "y": 0
    },
    "grid": [
      "NON",
      "ONX",
      "NXN"
    ]
  },
  {
    "__type__": "BlockSpriteMap",
    "mapPosition": {
      "__type__": "cc.Vec2",
      "x": 1,
      "y": 0
    },
    "grid": [
      "NON",
      "XNX",
      "NXN"
    ]
  },
  {
    "__type__": "BlockSpriteMap",
    "mapPosition": {
      "__type__": "cc.Vec2",
      "x": 2,
      "y": 0
    },
    "grid": [
      "NON",
      "XNO",
      "NXN"
    ]
  },
  {
    "__type__": "BlockSpriteMap",
    "mapPosition": {
      "__type__": "cc.Vec2",
      "x": 0,
      "y": 1
    },
    "grid": [
      "NXN",
      "ONX",
      "NXN"
    ]
  },
  {
    "__type__": "BlockSpriteMap",
    "mapPosition": {
      "__type__": "cc.Vec2",
      "x": 1,
      "y": 1
    },
    "grid": [
      "NXN",
      "XNX",
      "NXN"
    ]
  },
  {
    "__type__": "BlockSpriteMap",
    "mapPosition": {
      "__type__": "cc.Vec2",
      "x": 2,
      "y": 1
    },
    "grid": [
      "NXN",
      "XNO",
      "NXN"
    ]
  },
  {
    "__type__": "BlockSpriteMap",
    "mapPosition": {
      "__type__": "cc.Vec2",
      "x": 0,
      "y": 2
    },
    "grid": [
      "NXN",
      "ONX",
      "NON"
    ]
  },
  {
    "__type__": "BlockSpriteMap",
    "mapPosition": {
      "__type__": "cc.Vec2",
      "x": 1,
      "y": 2
    },
    "rotation": 0,
    "grid": [
      "NXN",
      "XNX",
      "NON"
    ]
  },
  {
    "__type__": "BlockSpriteMap",
    "mapPosition": {
      "__type__": "cc.Vec2",
      "x": 2,
      "y": 2
    },
    "rotation": 0,
    "grid": [
      "NXN",
      "XNN",
      "NNN"
    ]
  },
  {
    "__type__": "BlockSpriteMap",
    "mapPosition": {
      "__type__": "cc.Vec2",
      "x": 3,
      "y": 0
    },
    "grid": [
      "NON",
      "ONO",
      "NXN"
    ]
  },
  {
    "__type__": "BlockSpriteMap",
    "mapPosition": {
      "__type__": "cc.Vec2",
      "x": 3,
      "y": 1
    },
    "grid": [
      "NXN",
      "ONO",
      "NXN"
    ]
  },
  {
    "__type__": "BlockSpriteMap",
    "mapPosition": {
      "__type__": "cc.Vec2",
      "x": 3,
      "y": 2
    },
    "grid": [
      "NXN",
      "ONO",
      "NON"
    ]
  },
  {
    "__type__": "BlockSpriteMap",
    "mapPosition": {
      "__type__": "cc.Vec2",
      "x": 3,
      "y": 0
    },
    "rotation": -90,
    "grid": [
      "NON",
      "XNO",
      "NON"
    ]
  },
  {
    "__type__": "BlockSpriteMap",
    "mapPosition": {
      "__type__": "cc.Vec2",
      "x": 3,
      "y": 1
    },
    "rotation": 90,
    "grid": [
      "NON",
      "XNX",
      "NON"
    ]
  },
  {
    "__type__": "BlockSpriteMap",
    "mapPosition": {
      "__type__": "cc.Vec2",
      "x": 3,
      "y": 2
    },
    "rotation": 90,
    "grid": [
      "NON",
      "ONX",
      "NON"
    ]
  },
  {
    "__type__": "cc.PrefabInfo",
    "root": {
      "__id__": 1
    },
    "asset": {
      "__id__": 0
    },
    "fileId": "1fjkz87StLj5qQyF/EuzoB",
    "instance": null,
    "targetOverrides": null
  }
]